cohdb
Replays
Latest Replays
All Replays
Popular Replays
Top Player Replays
Match Explorer
How It Works
Community
CoH3 Stats
Reddit
Sign in to upload your games and track your stats! →
Sign in with Steam
Match 42407509
Unlisted
Match 42407509
Overview
Messages
Build Orders
End
Panzergrenadier Squad
Kradschützen Motorcycle Team
Construct Light Support Kompanie
Assault Grenadier Squad
Panzerjäger Squad
2.5-tonne Medical Truck
Fire Support Elements
Assault Mechanized Group
Construct Panzerarmee Kommand
Panzer III L Medium Tank
Selects Armored Support Battlegroup
Selects Veteran Gunners
Selects Flammpanzer III Medium Tank
Flammpanzer III Medium Tank
Walking Stuka Rocket Launcher
Panzerpioneer Squad
Armored Reserves
Dr.D!Di...
Oberst Obstsalat
高速阿嬤
Moltke1871
스투화이팅
SzymQ
Toshiba Koludo
PuDinG
0
0
Comments
sign in to comment!
No comments posted yet!